Map: [ESL] Alcyone

Players

Maru - Winner!

  • Race: Terran Terran
  • Spawn Location: 7:00

SHIN

  • Race: Zerg Zerg
  • Spawn Location: 1:00

Event: ESL Spring 2024 Finals

VOD

Have the link to the VOD?

Description

Time

  • Played on: May 31, 2024, 11:48 a.m.
  • Length: 26:10

All games in this series

Show
View Real Time Build Order
Export as new Build Order

Maru Terran - Winner!

Build Orders:  

Get SALT Encoding   

  12  0:00  SCV  
  13  0:12  SCV  
  14  0:17  Supply Depot  
  14  0:24  SCV  
  15  0:40  Barracks  
  15  0:41  Refinery  
  15  0:53  Barracks  
  15  0:56  SCV  
  16  1:08  SCV  
  17  1:20  SCV  
  18  1:27  Reaper  
  18  1:32  Orbital Command  
  19  1:38  Supply Depot  
  19  1:46  Reaper  
  20  1:57  SCV  
  20  2:01  Reaper  
  22  2:09  SCV  
  22  2:14  Command Center  
  23  2:19  Reaper  
  23  2:22  Refinery  
  24  2:24  SCV  
  25  2:36  SCV  
  26  2:48  SCV  
  26  2:50  Marine  
  28  2:54  Factory  
  28  3:00  SCV  
  29  3:10  Command Center  
  29  3:16  Barracks Reactor  
  29  3:18  SCV  
  29  3:30  Orbital Command  
  29  3:31  SCV  
  27  3:39  Hellion  
  29  3:43  SCV  
  29  3:48  Engineering Bay x2  
  29  3:52  Marine x2  
  29  3:55  SCV  
  32  3:56  SCV  
  33  4:07  SCV  
  33  4:08  SCV  
  35  4:19  Terran Infantry Weapons Level 1, Hellion x2, Terran Infantry Armor Level 1  
  35  4:20  SCV  
  35  4:24  Barracks Tech Lab  
  40  4:25  SCV  
  40  4:26  Orbital Command  
  41  4:34  SCV  
  41  4:36  Supply Depot  
  41  4:37  SCV  
  43  4:42  Marine  
  44  4:46  SCV  
  44  4:47  Starport  
  44  4:49  SCV  
  44  4:52  SCV, Refinery  
  47  4:53  Factory Reactor  
  47  4:59  SCV  
  48  5:02  Orbital Command, Marine  
  48  5:04  Marine x2  
  51  5:07  SCV  
  51  5:11  SCV  
  53  5:18  Barracks  
  53  5:19  Barracks  
  53  5:20  Barracks  
  53  5:21  Marine, Bunker  
  54  5:22  Marine  
  55  5:30  Cyclone  
  55  5:31  Cyclone, Medivac  
  55  5:34  Marine  
  62  5:36  SCV  
  62  5:37  SCV x2  
  62  5:38  Marine  
  66  5:48  SCV  
  66  5:49  SCV x2  
  63  5:55  Armory  
  63  6:00  SCV  
  63  6:02  Supply Depot  
  63  6:04  Supply Depot  
  64  6:06  Barracks Tech Lab  
  64  6:10  Factory Tech Lab  
  64  6:11  Barracks Reactor  
  62  6:14  SCV  
  62  6:16  Barracks Reactor x2  
  62  6:17  Barracks Tech Lab  
  61  6:20  Orbital Command  
  61  6:23  SCV  
  63  6:26  SCV, Stimpack  
  63  6:28  Supply Depot  
  63  6:30  Supply Depot, Refinery  
  63  6:32  Marine  
  64  6:33  Siege Tank  
  64  6:35  SCV  
  68  6:42  Medivac x2  
  68  6:46  SCV  
  73  6:49  Terran Infantry Weapons Level 2  
  73  6:50  Marine  
  73  6:51  Supply Depot  
  74  6:55  Marine x2  
  74  6:57  Marine x5  
  81  7:04  Terran Infantry Armor Level 2  
  81  7:05  SCV x3  
  81  7:07  Marine  
  85  7:13  Marine  
  85  7:14  Supply Depot, Marine  
  87  7:16  Siege Tank  
  87  7:17  SCV x2  
  87  7:20  SCV  
  93  7:24  Marine x2  
  93  7:25  Marine  
  93  7:29  Command Center  
  96  7:30  SCV  
  96  7:31  Supply Depot  
  96  7:34  Marine x2  
  99  7:37  Marine x3  
  99  7:41  Terran Vehicle Weapons Level 1  
  99  7:43  Marine  
  103  7:44  Bunker  
  103  7:45  SCV, Bunker  
  103  7:46  SCV x2  
  103  7:47  Bunker  
  103  7:48  Siege Tank  
  109  7:52  Refinery x2  
  109  7:57  Supply Depot x2, SCV  
  109  7:58  SCV  
  111  7:59  Marine x3  
  111  8:00  Marine  
  111  8:03  Supply Depot  
  111  8:04  Supply Depot  
  115  8:08  SCV  
  115  8:09  SCV  
  117  8:19  SCV, Marine x4, Medivac x2  
  126  8:20  Siege Tank  
  126  8:24  Supply Depot  
  126  8:25  SCV  
  130  8:28  Combat Shield, Marine  
  130  8:32  Marine x2  
  130  8:34  SCV x2, Factory  
  135  8:36  Supply Depot  
  135  8:37  SCV  
  135  8:40  Marine  
  137  8:46  SCV x2  
  139  8:50  Marine  
  139  8:51  Marine x5, Medivac x2  
  139  8:52  Siege Tank  
  152  9:03  Marine  
  152  9:04  Marauder  
  152  9:08  Ghost Academy, Barracks  
  152  9:09  Barracks x2  
  155  9:11  Supply Depot, SCV  
  155  9:12  SCV  
  155  9:13  Supply Depot  
  157  9:22  SCV  
  157  9:23  SCV  
  150  9:34  Siege Tank  
  150  9:36  Factory Tech Lab  
  150  9:37  Ghost  
  150  9:38  Ghost  
  153  9:39  Viking x2  
  153  9:40  Planetary Fortress  
  153  9:43  SCV  
  153  9:44  SCV x2  
  162  9:50  Terran Infantry Weapons Level 3  
  162  9:51  Marine x5  
  162  9:52  Marine  
  168  9:55  SCV  
  168  9:56  SCV  
  169  10:03  Siege Tank  
  169  10:04  Missile Turret  
  173  10:07  Siege Tank  
  173  10:09  SCV  
  173  10:12  Refinery  
  173  10:16  Barracks Tech Lab x2, Sensor Tower  
  173  10:17  Barracks Tech Lab, Missile Turret  
  169  10:27  Command Center x2  
  168  10:33  Refinery  
  171  10:35  Siege Tank  
  171  10:39  Siege Tank  
  171  10:41  Ghost  
  176  10:50  Missile Turret  
  176  10:58  Command Center  
  176  11:00  Command Center  
  176  11:01  Viking x2  
  180  11:07  Siege Tank  
  180  11:09  SCV  
  182  11:11  Siege Tank  
  182  11:12  Ghost  
  182  11:13  SCV  
  180  11:23  SCV  
  181  11:37  Missile Turret x2  
  181  11:38  SCV x2  
  181  11:39  Command Center  
  183  11:43  Sensor Tower  
  183  11:46  Ghost x2  
  183  11:47  Orbital Command, Personal Cloaking  
  187  11:49  Marine  
  187  11:56  Ghost x2  
  190  12:05  Ghost  
  187  12:13  Viking  
  187  12:14  Ghost  
  187  12:15  Command Center  
  191  12:34  Missile Turret  
  191  12:35  Planetary Fortress  
  186  12:41  Ghost x2  
  186  12:42  Ghost  
  186  12:49  Marine  
  186  12:50  Marine  
  182  13:03  Terran Infantry Armor Level 3  
  182  13:06  Orbital Command  
  182  13:09  Marine x3, Marauder x2  
  182  13:10  Marauder  
  185  13:13  Command Center  
  185  13:23  SCV x3  
  188  13:28  Siege Tank x2  
  194  13:35  SCV x2  
  194  13:38  Liberator x2  
  192  13:44  Ghost x4  
  166  14:00  Siege Tank x2  
  172  14:06  Planetary Fortress  
  172  14:08  Marine x2, Marauder  
  172  14:09  SCV x4  
  180  14:13  SCV, Marauder  
  180  14:14  Marauder  
  185  14:20  Terran Vehicle Weapons Level 2  
  185  14:21  SCV x4  
  189  14:25  SCV  
  189  14:30  Refinery x2  
  190  14:32  Planetary Fortress  
  190  14:35  Viking x2  
  194  14:39  SCV x2  
  196  14:48  Armory  
  196  14:51  Sensor Tower  
  196  14:54  Ghost x2  
  200  15:08  Refinery  
  192  15:15  Siege Tank x2  
  192  15:20  Ghost x2  
  175  15:23  Marine x4, Marauder x2  
  175  15:24  Marauder  
  181  15:31  Marine x2  
  183  15:40  Concussive Shells  
  183  15:41  Marine x2  
  183  15:42  Marine x2, Command Center  
  187  15:44  Ghost x2  
  187  15:45  Marauder  
  193  15:50  Sensor Tower  
  193  15:54  Terran Vehicle And Ship Armor Level 1, Missile Turret  
  193  15:59  Siege Tank  
  196  16:10  Missile Turret  
  196  16:12  Missile Turret  
  196  16:13  Ghost  
  196  16:14  Planetary Fortress  
  198  16:32  Command Center  
  198  16:34  Command Center  
  195  16:57  Factory x3  
  195  17:00  Factory  
  195  17:01  Siege Tank x2  
  189  17:34  Siege Tank x2  
  191  17:38  Marine x2, Marauder  
  191  17:39  Marauder  
  191  17:43  Planetary Fortress  
  197  17:48  Terran Vehicle Weapons Level 3, Hi-Sec Auto Tracking, Neosteel Armor  
  197  17:49  Terran Vehicle And Ship Armor Level 2  
  197  17:55  Command Center  
  197  17:56  Command Center  
  197  17:57  Command Center  
  197  17:58  Sensor Tower  
  196  18:00  Viking x2  
  199  18:14  Nuke  
  199  18:16  Factory Reactor x2, Factory Tech Lab x2  
  199  18:17  Orbital Command x2  
  199  18:27  Refinery  
  199  18:28  Refinery  
  199  18:40  Medivac  
  186  19:03  Ghost x2  
  186  19:09  Siege Tank  
  184  19:14  Ghost  
  184  19:17  Thor x2, Ghost x2  
  174  19:18  Thor  
  174  19:19  Hellbat x2  
  198  19:37  Command Center  
  195  19:51  Nuke  
  197  19:53  Hellbat x2  
  199  20:01  Orbital Command, Missile Turret  
  199  20:03  Missile Turret  
  199  20:05  Terran Ship Weapons Level 1  
  199  20:07  Missile Turret  
  199  20:09  Hellion  
  199  20:16  Smart Servos  
  197  20:25  Terran Vehicle And Ship Armor Level 3  
  194  20:32  Factory Tech Lab  
  194  20:35  Thor  
  200  20:58  Sensor Tower  
  200  20:59  Command Center  
  198  21:06  Hellbat  
  200  21:21  Sensor Tower  
  200  21:23  Orbital Command, Missile Turret x2  
  200  21:27  Command Center  
  195  22:06  Hellbat x3  
  192  22:17  Thor  
  192  22:18  Hellbat  
  200  22:23  Infernal Pre-Igniter  
  200  22:24  Terran Ship Weapons Level 2  
  200  22:43  Sensor Tower  
  200  22:50  Orbital Command  
  200  22:51  Fusion Core  
  200  23:03  Starport  
  200  23:04  Hellbat x2  
  200  23:05  Starport x2  
  200  23:07  Starport  
  200  23:12  Orbital Command  
  184  23:29  Planetary Fortress  
  184  23:32  Unknown  
  184  23:40  Thor x2  
  184  23:41  Hellbat x2  
  200  23:55  Thor, Hellbat  
  158  24:04  Thor  
  158  24:05  Hellbat x3  
  145  24:11  Ghost x4  
  145  24:12  Medivac x2  
  142  24:21  Hellbat  
  142  24:22  Thor  
  142  24:23  Thor  
  154  24:27  Orbital Command  
  154  24:28  Liberator, Medivac x3  
  163  24:31  SCV x2  
  163  24:32  SCV  
  163  24:33  Orbital Command  
  163  24:37  Thor  
  172  24:42  Medivac x2  
  176  24:47  Thor  
  182  24:56  Caduceus Reactor  
  182  24:58  Liberator, Medivac  
  182  24:59  Viking  
  189  25:05  Thor  
  195  25:11  Viking  
  195  25:12  Medivac  
  197  25:22  Nuke  
  197  25:26  Orbital Command  
  197  25:30  Planetary Fortress  
  197  25:32  Refinery x2, Command Center  
  197  25:33  Command Center  
Show
View Real Time Build Order
Export as new Build Order

SHIN Zerg 

Build Orders: Hatch First 

Get SALT Encoding   

  12  0:00  Drone  
  13  0:08  Drone  
  14  0:16  Overlord  
  14  0:35  Drone x2  
  16  0:48  Hatchery  
  15  0:50  Drone  
  15  0:54  Drone  
  17  0:57  Drone  
  18  1:10  Spawning Pool  
  17  1:13  Drone  
  18  1:19  Drone  
  19  1:32  Drone  
  20  1:40  Drone  
  21  1:58  Zergling x2  
  21  1:59  Queen x2  
  21  2:00  Zergling x2  
  27  2:07  Hatchery  
  26  2:09  Zergling x2  
  26  2:11  Zergling x2  
  28  2:15  Extractor  
  28  2:16  Overlord  
  28  2:22  Zergling x2  
  27  2:34  Drone x2, Overlord  
  29  2:39  Queen  
  29  2:44  Zergling x2  
  32  2:46  Drone  
  33  2:54  Queen  
  35  2:59  Overlord  
  35  3:03  Zergling x2  
  35  3:06  Drone  
  35  3:09  Zergling x2  
  36  3:15  Drone x2  
  36  3:19  Drone  
  38  3:23  Drone  
  37  3:27  Drone  
  38  3:34  Drone x3  
  38  3:37  Drone  
  38  3:39  Drone  
  43  3:41  Drone  
  43  3:45  Drone x2  
  43  3:47  Drone  
  46  3:51  Drone  
  47  3:57  Drone  
  47  3:58  Roach Warren  
  47  3:59  Drone  
  48  4:03  Overlord  
  48  4:04  Drone  
  48  4:07  Drone  
  48  4:08  Drone, Extractor  
  50  4:12  Drone x2  
  50  4:16  Queen  
  54  4:19  Overlord  
  54  4:23  Drone, Overlord  
  55  4:25  Drone  
  55  4:28  Overlord  
  56  4:32  Overlord  
  56  4:34  Overlord  
  56  4:42  Roach x4  
  64  4:49  Roach x3  
  64  4:50  Roach  
  72  4:53  Roach  
  72  4:56  Queen  
  76  5:00  Drone x2  
  76  5:03  Overlord  
  76  5:05  Drone  
  79  5:09  Drone  
  79  5:10  Drone x2  
  82  5:14  Spore Crawler  
  82  5:17  Drone x4, Spore Crawler  
  84  5:25  Drone x5  
  89  5:29  Lair  
  89  5:31  Spore Crawler  
  89  5:32  Drone  
  89  5:35  Overlord  
  89  5:36  Drone  
  89  5:37  Drone  
  89  5:38  Drone  
  89  5:42  Drone x3  
  95  5:45  Drone x2  
  95  5:46  Ravager x2  
  95  5:47  Drone x2  
  102  5:51  Drone, Extractor  
  102  5:54  Evolution Chamber x2  
  102  5:55  Drone, Extractor  
  100  5:58  Drone x3  
  100  5:59  Extractor  
  100  6:00  Extractor  
  100  6:02  Drone  
  100  6:03  Drone  
  103  6:05  Drone  
  103  6:06  Drone  
  103  6:09  Drone x3  
  100  6:20  Zerg Missile Weapons Level 1  
  100  6:21  Roach x3  
  100  6:26  Roach  
  100  6:27  Roach x3  
  100  6:29  Hatchery  
  100  6:32  Zerg Ground Armor Level 1  
  107  6:36  Overlord x3  
  107  6:39  Glial Reconstitution  
  107  6:42  Roach  
  107  6:43  Roach  
  111  6:52  Hatchery, Overlord  
  111  6:53  Infestation Pit, Roach x2  
  113  6:57  Overlord  
  113  6:58  Metabolic Boost  
  113  7:01  Roach x2  
  113  7:04  Overlord x2  
  117  7:08  Overlord  
  117  7:11  Roach x4  
  125  7:17  Ravager x2  
  125  7:20  Overlord  
  125  7:21  Overlord x3  
  127  7:25  Drone x3  
  128  7:31  Hive  
  128  7:32  Drone x5  
  133  7:37  Roach x3  
  133  7:42  Drone  
  133  7:43  Drone x4  
  143  7:49  Ravager  
  143  7:50  Zergling x4, Ravager  
  147  7:52  Baneling Nest  
  147  7:55  Extractor  
  147  7:56  Zergling x6, Extractor  
  147  8:00  Zergling x2  
  147  8:04  Overlord  
  148  8:06  Zergling x8  
  154  8:12  Drone x2  
  154  8:14  Zergling x4  
  154  8:17  Zergling x2, Roach  
  154  8:18  Zerg Melee Weapons Level 1  
  157  8:23  Spore Crawler, Zergling x18  
  165  8:28  Zerg Ground Armor Level 2  
  165  8:29  Drone x2  
  167  8:37  Zergling x12  
  167  8:39  Centrifugal Hooks  
  172  8:44  Overlord  
  172  8:48  Viper x2  
  172  8:49  Adrenal Glands  
  172  8:51  Ultralisk Cavern  
  172  8:54  Drone x2  
  172  8:55  Drone  
  177  8:56  Zergling x18  
  185  9:04  Zergling x12  
  185  9:09  Drone  
  192  9:10  Zergling x4  
  192  9:11  Extractor  
  192  9:13  Baneling x15  
  194  9:19  Ultralisk Cavern  
  194  9:23  Zergling x10  
  194  9:24  Zergling x10  
  196  9:36  Zergling x6  
  199  9:48  Baneling x8  
  199  9:49  Baneling x18  
  199  9:53  Spore Crawler  
  199  9:54  Spore Crawler  
  199  9:56  Drone x3, Hatchery  
  199  9:59  Baneling  
  198  10:00  Baneling x2  
  198  10:01  Baneling  
  198  10:06  Drone  
  198  10:07  Drone x2  
  199  10:12  Chitinous Plating  
  199  10:21  Drone  
  199  10:33  Zergling x4  
  198  10:38  Zergling x2  
  198  10:41  Zerg Melee Weapons Level 2  
  198  10:46  Zerg Ground Armor Level 3  
  197  10:50  Drone  
  197  10:51  Drone  
  197  10:53  Spine Crawler  
  197  10:54  Spine Crawler x2  
  196  11:01  Zergling x8  
  180  11:13  Viper  
  180  11:14  Viper  
  180  11:15  Ultralisk x3  
  180  11:16  Zergling x18, Ultralisk x2  
  197  11:30  Baneling x11  
  197  11:31  Anabolic Synthesis, Pneumatized Carapace  
  197  11:32  Overseer x3  
  197  11:37  Drone  
  197  11:39  Drone  
  199  11:41  Spore Crawler  
  199  11:42  Spore Crawler, Drone x3  
  199  11:43  Spine Crawler  
  199  11:44  Spine Crawler x2  
  196  11:48  Baneling x10  
  196  11:59  Drone x5  
  196  12:10  Spore Crawler x2, Zergling x12  
  196  12:12  Spine Crawler x2, Hatchery  
  193  12:36  Zergling x18  
  196  12:55  Zergling x8  
  196  12:56  Zergling x2  
  199  13:03  Spire  
  196  13:09  Zergling x18  
  199  13:13  Hatchery  
  199  13:18  Drone  
  199  13:23  Zerg Melee Weapons Level 3  
  199  13:39  Viper x2  
  187  13:43  Zergling x38  
  177  13:58  Zergling x2  
  177  13:59  Zergling x44  
  177  14:02  Overseer x3  
  192  14:03  Overseer  
  192  14:05  Drone  
  192  14:06  Drone x2  
  195  14:12  Drone x5  
  195  14:14  Baneling x8  
  198  14:18  Zerg Missile Weapons Level 2  
  198  14:19  Overseer x3  
  198  14:22  Baneling  
  198  14:23  Baneling x22  
  198  14:26  Drone x2  
  198  14:30  Burrow  
  199  14:31  Greater Spire  
  199  14:35  Baneling x4  
  199  14:36  Zergling x4  
  199  14:38  Drone  
  154  15:24  Viper x2  
  138  15:30  Zergling x22  
  146  15:35  Ravager  
  146  15:36  Spore Crawler, Ravager x4  
  146  15:37  Spore Crawler  
  146  15:38  Overlord x2  
  146  15:39  Overlord x3  
  146  15:40  Zergling x18  
  146  15:41  Ultralisk x2  
  146  15:42  Ultralisk  
  176  15:43  Overlord x2  
  176  15:49  Overlord  
  176  15:50  Baneling x2  
  176  15:51  Baneling x20  
  176  15:54  Zerg Flyer Weapons Level 1  
  176  16:02  Corruptor  
  176  16:03  Corruptor x11  
  200  16:11  Baneling x6  
  200  16:18  Drone  
  199  16:20  Spine Crawler, Spore Crawler  
  199  16:21  Spine Crawler, Unknown  
  199  16:22  Spine Crawler, Spore Crawler  
  193  16:26  Drone x7  
  195  16:41  Extractor  
  194  16:55  Spore Crawler  
  194  16:56  Spore Crawler  
  190  17:04  Zerg Missile Weapons Level 3  
  190  17:15  Spore Crawler  
  176  17:32  Brood Lord x11  
  195  17:41  Infestor x2  
  195  17:44  Neural Parasite, Spire  
  198  17:48  Hatchery  
  198  17:49  Extractor  
  198  17:50  Extractor  
  194  17:52  Corruptor x2  
  193  18:13  Extractor  
  193  18:14  Corruptor x4, Extractor  
  199  18:26  Zerg Flyer Armor Level 1  
  199  18:31  Spore Crawler x2  
  199  18:32  Spore Crawler x3  
  194  18:39  Corruptor x3  
  192  19:05  Infestor x3  
  192  19:06  Infestor  
  189  19:17  Brood Lord x3  
  189  19:18  Brood Lord  
  197  19:30  Corruptor x2  
  197  19:31  Corruptor  
  192  19:44  Drone x3  
  192  19:45  Corruptor x2  
  186  20:03  Corruptor x4  
  194  20:09  Unknown  
  193  20:14  Zerg Flyer Weapons Level 2  
  193  20:27  Corruptor x3  
  188  20:32  Zergling x22  
  199  20:39  Spore Crawler x2  
  197  20:49  Corruptor  
  195  20:50  Corruptor  
  195  20:53  Baneling  
  195  20:54  Baneling x15  
  199  21:16  Baneling x5  
  199  21:18  Spore Crawler x3  
  199  21:19  Spore Crawler  
  199  21:20  Spore Crawler  
  199  21:22  Spore Crawler x2  
  199  21:24  Spore Crawler x2  
  190  21:29  Spore Crawler x2, Brood Lord x4  
  188  21:34  Zergling x22  
  188  21:35  Zergling x6  
  192  21:59  Hatchery  
  161  22:12  Corruptor x4  
  171  22:16  Overlord x2  
  171  22:17  Zergling x32  
  171  22:18  Zergling x14  
  171  22:20  Overlord  
  188  22:29  Baneling x5  
  188  22:30  Baneling x6, Zergling x6  
  188  22:31  Overlord  
  191  22:40  Hatchery, Drone x3  
  191  22:43  Extractor  
  192  22:55  Extractor  
  192  22:56  Zergling x16  
  199  23:01  Baneling  
  185  23:21  Drone x3  
  185  23:25  Drone  
  191  23:27  Zergling x20  
  192  23:48  Baneling x4  
  192  23:49  Baneling x2  
  192  23:54  Zergling x14  
  192  23:55  Zergling x12  
  154  24:08  Zergling x12  
  112  24:20  Overseer x3  
  112  24:21  Overseer  
  112  24:22  Zergling x18  
  117  24:31  Zergling x8  
  121  24:33  Baneling x7  
  121  24:34  Zergling x2  
  121  24:35  Zergling x2  
  121  24:36  Zergling x2  
  124  24:40  Roach x2  
  124  24:42  Zergling x4  
  124  24:44  Baneling x3  
  131  25:05  Roach x2  
  124  25:09  Hatchery  
  124  25:12  Hatchery  
  110  25:28  Zergling x16, Roach  
  105  25:48  Zergling x6  
Tags
 
Add a new tag
Caveats
  • Supply blocks, unpowered buildings, or Contaminate may cause inaccurate times.
  • Supply counts are checked every 10 seconds.